 Dungeon Crawl Stone Soup version 0.29.0-4-gdea44cf6ec (webtiles) character file.

Game seed: 17846921018634613328

29156 qw the Severer (level 13, -15/119 HPs)
             Began as a Minotaur Berserker on Sept 5, 2022.
             Was an Elder of Trog.
             Demolished by a death yak (17 damage)
             ... on level 5 of the Lair of Beasts.
             The game lasted 00:05:27 (17567 turns).

qw the Severer (Minotaur Berserker)                Turns: 17567, Time: 00:05:28

Health: -15/119    AC: 25    Str: 21    XL:     13   Next: 13%
Magic:  12/12      EV: 11    Int:  4    God:    Trog [****..]
Gold:   1145       SH: 12    Dex: 11    Spells: 12/12 levels left

rFire   . . .      SeeInvis +   Y - +2 war axe (flame)
rCold   + + .      Faith    .   a - +0 kite shield
rNeg    . . .      Spirit   .   q - +1 plate armour
rPois   .          Reflect  .   m - +2 hat
rElec   .          Harm     .   c - +2 cloak
rCorr   .          Rampage  .   (no gloves)
Will    .....                   (no boots)
Stlth   ..........              i - amulet of Rackuw {Acrobat rC++ Str-3}
HPRegen 0.29/turn               o - +4 ring of evasion
MPRegen 0.13/turn               b - +4 ring of protection

@: about to teleport, on berserk cooldown, slowed, unable to drink, very slow
A: horns 2, retaliatory headbutt, see invisible, weak 1, inability to drink
after injury 1
a: Renounce Religion, Berserk, Trog's Hand, Brothers in Arms


You were on level 5 of the Lair of Beasts.
You worshipped Trog.
Trog was greatly pleased with you.
You visited 2 branches of the dungeon, and saw 15 of its levels.

You collected 1145 gold pieces.


Innate Abilities, Weirdness & Mutations

You have a pair of horns on your head.
You reflexively headbutt those who attack you in melee.
You have supernaturally acute eyesight. (SInv)
You are weak. (Str -2)
You occasionally lose the ability to drink potions when taking damage.


   Skills:
 + Level 12.9 Fighting
 - Level 16.3 Axes
 - Level 2.1 Throwing
 - Level 11.0 Armour
 - Level 4.4 Dodging
 - Level 13.0 Shields


You had 12 spell levels left.
You didn't know any spells.
Your spell library was empty.

Inventory:

Hand Weapons
 Y - a +2 war axe of flaming (weapon)
Missiles
 g - 4 boomerangs (quivered)
Armour
 a - a +0 kite shield (worn)
 c - a +2 cloak (worn)
 j - the +1 pair of gloves of Lethargy {Rampage Drain Int-5 Dex+8}
   (You acquired it on level 4 of the Dungeon)

   Int:       It affects your intelligence (-5).
   Dex:       It affects your dexterity (+8).
   Drain:     It drains your maximum health when unequipped.
   Rampage:   It bestows one free step when moving towards enemies.
 m - a +2 hat (worn)
 q - a +1 plate armour (worn)
Jewellery
 b - a +4 ring of protection (right hand)
 i - the amulet of Rackuw (around neck) {Acrobat rC++ Str-3}
   (You acquired it on level 3 of the Lair of Beasts)

   [amulet of the acrobat]

   It increases your evasion while moving and waiting.
   Str:       It affects your strength (-3).
   rC:        It greatly protects you from cold.
 o - a +4 ring of evasion (left hand)
Scrolls
 e - 2 scrolls of teleportation
 k - 7 scrolls of identify
Potions
 d - 3 potions of haste
 f - 2 potions of resistance
 h - a potion of heal wounds
 n - 6 potions of curing

Dungeon Overview and Level Annotations

Branches:
Dungeon (10/15)            Temple (0/1) D:7            Lair (5/5) D:10
 Shoals (0/4) Lair:3        Snake (0/4) Lair:2        Slime (0/5) Lair:4
    Orc (0/2) D:9

Altars:
Qazlal
Xom

Shops:
D:8 *


Message History

You block the elephant's attack.
The elephant trunk-slaps you but does no damage.
17564 ||| INVOKING Brothers in Arms.
Your ogre goes berserk!
Trog will no longer gift you weapons. You block the blink frog's attack.
You block the death yak's attack. The elephant closely misses you.
You block the elephant's attack.
You hit the elephant. You burn the elephant. You headbutt the elephant.
The elephant is heavily wounded.
You hit the death yak but do no damage. You hit the death yak.
You burn the death yak. You slash the death yak! You burn the death yak.
You hit the death yak but do no damage. The death yak gores you!
The death yak gores you but does no damage.
The elephant tramples you but does no damage.
The elephant barely misses you.
Your ogre barely misses the death yak.
You hit the elephant but do no damage.
The elephant is heavily wounded.
You hit the death yak but do no damage. x4; You slash the blink frog!
You burn the blink frog. You block the death yak's attack.
The death yak barely misses you. You block the death yak's attack.
The death yak closely misses you. The elephant misses you.
You furiously retaliate!
You headbutt the elephant, but do no damage.
You block the elephant's attack.
Your ogre closely misses the death yak.
The blink frog hits you but does no damage.
The blink frog blinks!
The death yak gores you! The death yak gores you.
The death yak gores you but does no damage.
The elephant tramples you but does no damage.
The elephant trunk-slaps you but does no damage.
The death yak gores you! x2
You feel threatened and lose the ability to drink potions!
17567 ||| READING 3 scrolls of teleportation.
As you read the scroll of teleportation, it crumbles to dust.
You feel strangely unstable. You block the blink frog's attack.
Your ogre hits the death yak with a +0 giant club!!!
The blink frog blinks!
You block the blink frog's attack. The death yak gores you!
You die...

........................
........................
........................
......................##
......%..............###
......%..$...........###
......%%.......ยค.....#
........YYY..........
........Y@Y....F....
.......OY.F........
........$.........
.###.##......#... ##
##.....# .. .#....# .
......# ##P.....


You could see 5 death yaks, an elephant, 2 blink frogs and a friendly ogre
(summoned, berserk).

Vanquished Creatures
  Gastronok (Lair:1)
  Erolcha (D:9)
  A catoblepas (Lair:5)
  A two-headed ogre (D:10)
  A death yak (Lair:5)
  Pikel (D:4)
  4 black mambas
  11 elephants
  A merfolk siren (Lair:3)
  9 cane toads
  Maurice (D:8)
  2 torpor snails
  A rime drake (Lair:2)
  A kobold demonologist (D:10)
  2 komodo dragons
  2 trolls (D:10)
  4 hornets
  7 dream sheep (Lair:4)
  5 blink frogs
  Sigmund (D:2)
  2 wyverns
  Eustachio (D:4)
  3 basilisks
  19 yaks
  13 water moccasins
  3 ice beasts
  4 orc warriors
  A sky beast (D:7)
  20 wolves
  A phantom (D:5)
  2 lemures (D:4)
  2 centaurs
  6 scorpions
  4 necrophages
  8 bullfrogs
  9 wights
  5 killer bees (D:9)
  5 electric eels
  A howler monkey (D:5)
  12 hounds
  2 lava snakes (Lair:3)
  6 orc priests
  16 jellies
  2 iguanas (D:6)
  Natasha (D:4)
  12 orc wizards
  5 hell rats (Lair:4)
  8 adders
  10 gnolls
  3 shadow imps
  A white imp (D:5)
  5 worms
  2 dart slugs
  46 orcs
  5 endoplasms
  20 goblins
  19 hobgoblins
  6 jackals
  17 kobolds
  A quokka (D:2)
  8 ball pythons
  6 bats
  2 frilled lizards
  5 rats (D:2)
386 creatures vanquished.

Vanquished Creatures (collateral kills)
  An ice statue (D:9)
  Grum (D:9)
  An orc warrior (D:9)
  3 orcs (D:9)
6 creatures vanquished.

Vanquished Creatures (others)
  11 fungi
  15 plants
26 creatures vanquished.

Grand Total: 418 creatures vanquished

Notes
Turn   | Place    | Note
-------+----------+-------------------------------------------
     0 | D:1      | qw the Minotaur Berserker began the quest for the Orb.
     0 | D:1      | Reached XP level 1. HP: 19/19 MP: 0/0
     0 | D:1      | 0 ||| qw: Version: 0.1-a-104-g96f76f8
     0 | D:1      | 0 ||| qw: Game counter: 5863
     0 | D:1      | 0 ||| qw: Always use a shield: true
     0 | D:1      | 0 ||| qw: Do Orc after D:15 true
     0 | D:1      | 0 ||| qw: Do second Lair branch before Depths: true
     0 | D:1      | 0 ||| qw: Lair rune preference: random
     0 | D:1      | 0 ||| qw: Plans: Normal
     0 | D:1      | 0 ||| PLANNING D:1-11
   169 | D:1      | Reached skill level 4 in Axes
   287 | D:1      | Reached XP level 2. HP: 20/26 MP: 1/1
   443 | D:1      | Noticed an eye of devastation
   445 | D:1      | Found a faded altar of an unknown god.
   447 | D:1      | Noticed a great orb of eyes
   447 | D:1      | Noticed a floating eye
   447 | D:1      | Noticed a floating eye
   909 | D:1      | 909 ||| UPGRADING to +0 ring mail.
   919 | D:1      | 919 ||| DROPPING +0 animal skin.
   920 | D:1      | 920 ||| READING scroll labelled JULAELIEMU.
   921 | D:1      | 921 ||| READING scroll labelled KUMEPT COORA.
   926 | D:1      | 926 ||| READING 3 scrolls labelled MUTEYDDYTE.
   927 | D:1      | 927 ||| READING scroll labelled ELLIZO FOLUSTRE.
   928 | D:1      | 928 ||| READING scroll labelled XEEMEO WIDDE.
  1074 | D:1      | 1074 ||| DROPPING 2 scrolls of magic mapping.
  1153 | D:2      | Noticed Sigmund
  1159 | D:2      | 1159 ||| INVOKING Berserk.
  1170 | D:2      | Killed Sigmund
  1171 | D:2      | Reached skill level 7 in Axes
  1171 | D:2      | Reached XP level 3. HP: 27/31 MP: 2/2
  1171 | D:2      | Reached XP level 4. HP: 34/39 MP: 3/3
  1171 | D:2      | Reached XP level 5. HP: 40/45 MP: 4/4
  1580 | D:2      | 1580 ||| Stepping ~*~*~tactically~*~*~ (stealth).
  1583 | D:2      | Reached ** piety under Trog
  1839 | D:2      | 1839 ||| Stepping ~*~*~tactically~*~*~ (stealth).
  1840 | D:2      | 1840 ||| Stepping ~*~*~tactically~*~*~ (stealth).
  1942 | D:2      | 1942 ||| INVOKING Berserk.
  1947 | D:2      | Reached skill level 8 in Axes
  1947 | D:2      | Reached XP level 6. HP: 48/52 MP: 5/5
  2053 | D:2      | 2053 ||| DROPPING +0 mace.
  2055 | D:2      | 2055 ||| DROPPING +0 flail.
  2094 | D:2      | Identified the +10 mace "Oczei" {elec, Dex+7}
  2096 | D:2      | 2096 ||| DROPPING +1 flail of protection.
  2428 | D:2      | 2428 ||| UPGRADING to +0 chain mail.
  2438 | D:2      | 2438 ||| DROPPING +0 ring mail.
  2439 | D:2      | 2439 ||| READING scroll labelled MEKHIZE CAACHU.
  2440 | D:2      | 2440 ||| READING 3 scrolls labelled NUYSUEDWAWN.
  2441 | D:2      | 2441 ||| READING scroll labelled ATHA ELEACK.
  2442 | D:2      | 2442 ||| DRINKING 2 fuming pink potions.
  2443 | D:2      | 2443 ||| DRINKING 2 golden potions.
  2461 | D:3      | 2461 ||| STAIRDANCE
  2510 | D:3      | 2510 ||| STAIRDANCE
  2569 | D:3      | 2569 ||| INVOKING Berserk.
  2801 | D:3      | Reached *** piety under Trog
  3087 | D:3      | 3087 ||| Stepping ~*~*~tactically~*~*~ (hiding).
  3090 | D:3      | 3090 ||| Stepping ~*~*~tactically~*~*~ (hiding).
  3105 | D:3      | 3105 ||| Stepping ~*~*~tactically~*~*~ (stealth).
  3111 | D:3      | 3111 ||| Stepping ~*~*~tactically~*~*~ (stealth).
  3229 | D:3      | 3229 ||| READING 2 scrolls labelled NELYVAOTSIP.
  3230 | D:3      | 3230 ||| READING scroll labelled PEURURH VIHE.
  3231 | D:3      | 3231 ||| DROPPING scroll of poison.
  3232 | D:3      | 3232 ||| Stepping randomly (stuck).
  3233 | D:3      | 3233 ||| Stepping ~*~*~tactically~*~*~ (cloud).
  3425 | D:4      | 3425 ||| Stepping ~*~*~tactically~*~*~ (stealth).
  3426 | D:4      | 3426 ||| Stepping ~*~*~tactically~*~*~ (stealth).
  3438 | D:4      | Noticed an orc warrior
  3443 | D:4      | 3443 ||| INVOKING Berserk.
  3452 | D:4      | Killed an orc warrior
  3453 | D:4      | Reached skill level 9 in Axes
  3458 | D:4      | 3458 ||| Stepping ~*~*~tactically~*~*~ (stealth).
  3459 | D:4      | 3459 ||| Stepping ~*~*~tactically~*~*~ (stealth).
  3462 | D:4      | 3462 ||| Stepping ~*~*~tactically~*~*~ (stealth).
  3475 | D:4      | HP: 12/52 [lemure[Pikel] (5)]
  3476 | D:4      | 3476 ||| DRINKING 2 potions of heal wounds.
  3600 | D:4      | Reached XP level 7. HP: 56/60 MP: 6/6
  3721 | D:4      | Noticed Eustachio
  3722 | D:4      | 3722 ||| INVOKING Berserk.
  3725 | D:4      | Killed Eustachio
  3726 | D:4      | Reached skill level 6 in Fighting
  3845 | D:4      | Noticed Pikel
  3849 | D:4      | 3849 ||| Stepping ~*~*~tactically~*~*~ (stealth).
  3850 | D:4      | 3850 ||| INVOKING Berserk.
  3855 | D:4      | Killed Pikel
  3856 | D:4      | Reached skill level 6 in Armour
  3856 | D:4      | Reached XP level 8. HP: 70/70 MP: 7/7
  3993 | D:4      | 3993 ||| SWAPPING to +0 war axe.
  4001 | D:4      | 4001 ||| DROPPING +0 hand axe.
  4222 | D:4      | 4222 ||| Stepping ~*~*~tactically~*~*~ (hiding).
  4268 | D:4      | Noticed Natasha
  4274 | D:4      | Killed Natasha
  4378 | D:4      | 4378 ||| DROPPING scarf of shadows.
  4379 | D:4      | 4379 ||| READING scroll labelled PEBEALLU GEOK.
  4379 | D:4      | Identified a scroll of acquirement
  4379 | D:4      | 4379 ||| ACQUIRING +1 pair of gloves of Lethargy {Rampage
                  | Drain Int-5 Dex+8}
  4379 | D:4      | Acquired the +1 pair of gloves of Lethargy {Rampage Drain
                  | Int-5 Dex+8}
  4381 | D:4      | 4381 ||| DRINKING 2 murky clear potions.
  4382 | D:4      | 4382 ||| READING 2 scrolls of identify.
  4382 | D:4      | 4382 ||| IDENTIFYING inky potion
  4383 | D:4      | 4383 ||| DROPPING potion of lignification.
  4384 | D:4      | 4384 ||| DROPPING potion of magic.
  4417 | D:5      | Entered Level 5 of the Dungeon
  4425 | D:5      | 4425 ||| INVOKING Berserk.
  4574 | D:5      | Identified the +3 ring mail of Midsummer {Will+ rCorr}
  4601 | D:5      | 4601 ||| FLEEEEING.
  4602 | D:5      | 4602 ||| FLEEEEING.
  4603 | D:5      | 4603 ||| FLEEEEING.
  4604 | D:5      | 4604 ||| FLEEEEING.
  4605 | D:5      | 4605 ||| FLEEEEING.
  4606 | D:5      | 4606 ||| FLEEEEING.
  4607 | D:5      | 4607 ||| FLEEEEING.
  4608 | D:5      | 4608 ||| FLEEEEING.
  4609 | D:5      | 4609 ||| FLEEEEING.
  4610 | D:5      | 4610 ||| FLEEEEING.
  4611 | D:5      | 4611 ||| FLEEEEING.
  4613 | D:5      | 4613 ||| FLEEEEING.
  4614 | D:5      | 4614 ||| FLEEEEING.
  4615 | D:5      | 4615 ||| STAIRDANCE
  4648 | D:4      | 4648 ||| DROPPING +3 ring mail of Midsummer {Will+ rCorr}.
  4649 | D:4      | 4649 ||| READING 2 scrolls of identify.
  4649 | D:4      | 4649 ||| IDENTIFYING murky golden potion
  4650 | D:4      | 4650 ||| DROPPING potion of ambrosia.
  4653 | D:5      | 4653 ||| STAIRDANCE
  4732 | D:5      | 4732 ||| INVOKING Berserk.
  4736 | D:5      | Reached skill level 10 in Axes
  4739 | D:5      | 4739 ||| STAIRDANCE
  4849 | D:5      | 4849 ||| Stepping ~*~*~tactically~*~*~ (stealth).
  4850 | D:5      | 4850 ||| Stepping ~*~*~tactically~*~*~ (stealth).
  4875 | D:5      | Reached skill level 1 in Throwing
  4918 | D:5      | 4918 ||| Stepping ~*~*~tactically~*~*~ (stealth).
  4921 | D:5      | 4921 ||| Stepping ~*~*~tactically~*~*~ (stealth).
  4923 | D:5      | 4923 ||| Stepping ~*~*~tactically~*~*~ (stealth).
  4927 | D:5      | 4927 ||| Stepping ~*~*~tactically~*~*~ (stealth).
  4949 | D:5      | 4949 ||| DROPPING +10 mace "Oczei" {elec, Dex+7}.
  5137 | D:5      | 5137 ||| Stepping ~*~*~tactically~*~*~ (stealth).
  5170 | D:5      | 5170 ||| Stepping ~*~*~tactically~*~*~ (stealth).
  5431 | D:5      | Reached skill level 11 in Axes
  5687 | D:5      | 5687 ||| UPGRADING to +0 cloak.
  5692 | D:5      | 5692 ||| UPGRADING to +0 buckler.
  5697 | D:5      | 5697 ||| READING 2 scrolls of enchant armour.
  5697 | D:5      | 5697 ||| ENCHANTING +0 cloak.
  5698 | D:5      | 5698 ||| READING scroll of enchant armour.
  5698 | D:5      | 5698 ||| ENCHANTING +1 cloak.
  5699 | D:5      | 5699 ||| READING scroll labelled XEP YLILEQUYT.
  5700 | D:5      | 5700 ||| READING scroll labelled TUSAEK ENWA.
  5749 | D:6      | Reached skill level 1 in Shields
  5778 | D:6      | Reached **** piety under Trog
  5801 | D:6      | 5801 ||| Stepping ~*~*~tactically~*~*~ (stealth).
  5814 | D:6      | Reached skill level 3 in Shields
  5855 | D:6      | 5855 ||| Stepping ~*~*~tactically~*~*~ (stealth).
  5856 | D:6      | 5856 ||| Stepping ~*~*~tactically~*~*~ (stealth).
  5860 | D:6      | Reached XP level 9. HP: 75/75 MP: 8/8
  6006 | D:6      | 6006 ||| Stepping ~*~*~tactically~*~*~ (stealth).
  6007 | D:6      | 6007 ||| Stepping ~*~*~tactically~*~*~ (stealth).
  6036 | D:6      | 6036 ||| Stepping ~*~*~tactically~*~*~ (stealth).
  6038 | D:6      | 6038 ||| Stepping ~*~*~tactically~*~*~ (stealth).
  6105 | D:6      | 6105 ||| SWAPPING to +2 war axe.
  6106 | D:6      | 6106 ||| DROPPING +1 war axe.
  6114 | D:6      | Reached skill level 12 in Axes
  6138 | D:6      | 6138 ||| READING scroll of enchant weapon.
  6138 | D:6      | 6138 ||| ENCHANTING +2 war axe.
  6171 | D:6      | 6171 ||| INVOKING Berserk.
  6837 | D:6      | 6837 ||| Stepping ~*~*~tactically~*~*~ (stealth).
  6839 | D:6      | 6839 ||| Stepping ~*~*~tactically~*~*~ (stealth).
  6840 | D:6      | 6840 ||| Stepping ~*~*~tactically~*~*~ (stealth).
  6841 | D:6      | Reached ***** piety under Trog
  7025 | D:6      | 7025 ||| UPGRADING to +4 ring of evasion.
  7026 | D:6      | 7026 ||| DRINKING 2 grey potions.
  7027 | D:6      | 7027 ||| READING 4 scrolls of identify.
  7027 | D:6      | 7027 ||| IDENTIFYING sedimented sapphire potion
  7028 | D:6      | 7028 ||| READING 3 scrolls of identify.
  7028 | D:6      | 7028 ||| IDENTIFYING clear potion
  7029 | D:6      | 7029 ||| READING 2 scrolls of identify.
  7029 | D:6      | 7029 ||| IDENTIFYING fuming golden potion
  7030 | D:6      | 7030 ||| DROPPING potion of degeneration.
  7031 | D:6      | 7031 ||| DROPPING potion of flight.
  7058 | D:7      | 7058 ||| STAIRDANCE
  7063 | D:7      | 7063 ||| STAIRDANCE
  7068 | D:7      | 7068 ||| STAIRDANCE
  7083 | D:7      | 7083 ||| STAIRDANCE
  7091 | D:6      | Reached skill level 13 in Axes
  7200 | D:7      | 7200 ||| STAIRDANCE
  7639 | D:7      | 7639 ||| Stepping ~*~*~tactically~*~*~ (stealth).
  7640 | D:7      | 7640 ||| Stepping ~*~*~tactically~*~*~ (stealth).
  7729 | D:7      | Reached XP level 10. HP: 88/88 MP: 9/9
  7878 | D:7      | 7878 ||| Stepping ~*~*~tactically~*~*~ (stealth).
  7899 | D:7      | Received a gift from Trog
  7920 | D:7      | 7920 ||| SWAPPING to +2 war axe of flaming.
  7921 | D:7      | 7921 ||| DROPPING +0 morningstar.
  7922 | D:7      | 7922 ||| DROPPING +3 war axe.
  7943 | D:7      | Found a staircase to the Ecumenical Temple.
  7961 | D:7      | 7961 ||| Stepping ~*~*~tactically~*~*~ (stealth).
  8277 | D:7      | 8277 ||| Stepping ~*~*~tactically~*~*~ (stealth).
  8281 | D:7      | 8281 ||| INVOKING Berserk.
  8293 | D:7      | 8293 ||| Stepping ~*~*~tactically~*~*~ (stealth).
  8589 | D:7      | 8589 ||| UPGRADING to +4 ring of protection.
  8615 | D:8      | Found Lehutz's Overcharged Wands.
  8629 | D:8      | 8629 ||| SHOPLISTING wand of digging (11) (693 gold, have
                  | 435).
  8637 | D:8      | 8637 ||| Stepping ~*~*~tactically~*~*~ (hiding).
  8644 | D:8      | Reached skill level 14 in Axes
  8644 | D:8      | Found a stormy altar of Qazlal.
  8763 | D:8      | Reached skill level 3 in Dodging
  8930 | D:8      | Noticed Maurice
  8937 | D:8      | Paralysed by a hornet for 3 turns
  8941 | D:8      | 8941 ||| INVOKING Berserk.
  8944 | D:8      | Killed Maurice
  8944 | D:8      | HP: 33/132 [poisoned by a hornet]
  8949 | D:8      | HP: 20/88 [poisoned by a hornet]
  9338 | D:8      | 9338 ||| Stepping ~*~*~tactically~*~*~ (hiding).
  9345 | D:8      | 9345 ||| INVOKING Berserk.
  9610 | D:8      | 9610 ||| Stepping ~*~*~tactically~*~*~ (hiding).
  9742 | D:8      | 9742 ||| UPGRADING to +0 plate armour.
  9752 | D:8      | 9752 ||| DROPPING +0 chain mail.
  9753 | D:8      | 9753 ||| READING scroll of enchant armour.
  9753 | D:8      | 9753 ||| ENCHANTING +0 plate armour.
  9754 | D:8      | 9754 ||| READING scroll labelled OVVOIG QATOCIASTEGG.
  9755 | D:8      | 9755 ||| DRINKING 2 lumpy emerald potions.
  9756 | D:8      | 9756 ||| READING 4 scrolls of identify.
  9756 | D:8      | 9756 ||| IDENTIFYING red potion
  9757 | D:8      | 9757 ||| DROPPING potion of attraction.
  9758 | D:8      | 9758 ||| DROPPING potion of berserk rage.
  9778 | D:9      | Noticed Grum
  9779 | D:9      | 9779 ||| INVOKING Brothers in Arms.
  9780 | D:9      | 9780 ||| INVOKING Berserk.
  9782 | D:9      | Killed Grum
  9800 | D:9      | Reached skill level 15 in Axes
 10021 | D:9      | 10021 ||| Stepping ~*~*~tactically~*~*~ (stealth).
 10022 | D:9      | 10022 ||| Stepping ~*~*~tactically~*~*~ (stealth).
 10154 | D:9      | Found a staircase to the Orcish Mines.
 10173 | D:9      | Noticed an ice statue
 10174 | D:9      | 10174 ||| INVOKING Brothers in Arms.
 10210 | D:9      | 10210 ||| INVOKING Brothers in Arms.
 10212 | D:9      | 10212 ||| INVOKING Berserk.
 10216 | D:9      | Killed an ice statue
 10217 | D:9      | Reached skill level 9 in Fighting
 10218 | D:9      | 10218 ||| Stepping ~*~*~tactically~*~*~ (cloud).
 10408 | D:9      | 10408 ||| Stepping ~*~*~tactically~*~*~ (hiding).
 10515 | D:9      | 10515 ||| Stepping ~*~*~tactically~*~*~ (hiding).
 10550 | D:9      | Noticed a cyclops
 10552 | D:9      | Noticed a two-headed ogre
 10555 | D:9      | Noticed a two-headed ogre
 10589 | D:9      | Noticed Erolcha
 10590 | D:9      | 10590 ||| INVOKING Trog's Hand.
 10591 | D:9      | 10591 ||| INVOKING Berserk.
 10594 | D:9      | Killed Erolcha
 10972 | D:9      | 10972 ||| UPGRADING to +0 kite shield.
 10982 | D:9      | 10982 ||| DROPPING +0 buckler.
 10983 | D:9      | 10983 ||| DRINKING 2 metallic coppery potions.
 10983 | D:9      | Gained mutation: You are frail. (-10% HP) [potion of
                  | mutation]
 10983 | D:9      | Gained mutation: You occasionally lose the ability to drink
                  | potions when taking damage. [potion of mutation]
 10984 | D:9      | 10984 ||| DRINKING potion of mutation.
 10984 | D:9      | Lost mutation: You are frail. (-10% HP) [potion of
                  | mutation]
 10984 | D:9      | Lost mutation: You occasionally lose the ability to drink
                  | potions when taking damage. [potion of mutation]
 10984 | D:9      | Gained mutation: You have supernaturally acute eyesight.
                  | (SInv) [potion of mutation]
 10984 | D:9      | Gained mutation: You are weak. (Str -2) [potion of
                  | mutation]
 10984 | D:9      | Gained mutation: You occasionally lose the ability to drink
                  | potions when taking damage. [potion of mutation]
 11022 | D:9      | 11022 ||| READING 6 scrolls of identify.
 11022 | D:9      | 11022 ||| IDENTIFYING ruby potion
 11023 | D:9      | 11023 ||| DROPPING potion of invisibility.
 11048 | D:10     | Entered Level 10 of the Dungeon
 11049 | D:10     | 11049 ||| INVOKING Berserk.
 11058 | D:10     | 11058 ||| STAIRDANCE
 11202 | D:10     | 11202 ||| INVOKING Berserk.
 11206 | D:10     | Reached XP level 11. HP: 97/97 MP: 10/10
 11334 | D:10     | Identified the +7 battleaxe "Ygha" {freeze, Drain rPois
                  | Will+++ Str-2}
 11365 | D:10     | 11365 ||| INVOKING Berserk.
 11366 | D:10     | Found a staircase to the Lair.
 11376 | D:10     | Reached skill level 6 in Shields
 11422 | D:10     | 11422 ||| FLEEEEING.
 11423 | D:10     | 11423 ||| FLEEEEING.
 11424 | D:10     | 11424 ||| FLEEEEING.
 11425 | D:10     | 11425 ||| FLEEEEING.
 11426 | D:10     | 11426 ||| FLEEEEING.
 11427 | D:10     | 11427 ||| FLEEEEING.
 11428 | D:10     | 11428 ||| FLEEEEING.
 11429 | D:10     | 11429 ||| FLEEEEING.
 11633 | D:10     | 11633 ||| INVOKING Berserk.
 11699 | D:10     | Noticed a two-headed ogre
 11703 | D:10     | 11703 ||| INVOKING Berserk.
 11704 | D:10     | Killed a two-headed ogre
 11991 | D:10     | 11991 ||| PLANNING LAIR
 12013 | Lair:1   | Entered Level 1 of the Lair of Beasts
 12029 | Lair:1   | Reached skill level 9 in Shields
 12043 | Lair:1   | 12043 ||| INVOKING Berserk.
 12206 | Lair:1   | 12206 ||| INVOKING Berserk.
 12369 | Lair:1   | Found a dark tunnel.
 12667 | Lair:1   | 12667 ||| Stepping ~*~*~tactically~*~*~ (stealth).
 12669 | Lair:1   | 12669 ||| Stepping ~*~*~tactically~*~*~ (stealth).
 12670 | Lair:1   | 12670 ||| INVOKING Berserk.
 12675 | Lair:1   | Noticed Gastronok
 12686 | Lair:1   | Killed Gastronok
 12687 | Lair:1   | Reached skill level 16 in Axes
 12875 | Lair:1   | 12875 ||| Stepping ~*~*~tactically~*~*~ (hiding).
 13098 | Lair:1   | 13098 ||| INVOKING Berserk.
 13718 | Lair:1   | 13718 ||| UPGRADING to +2 hat.
 13723 | Lair:1   | 13723 ||| READING scroll labelled VOL PIUGURGHA.
 13724 | Lair:1   | 13724 ||| READING 7 scrolls of identify.
 13724 | Lair:1   | 13724 ||| IDENTIFYING green potion
 13725 | Lair:1   | 13725 ||| DROPPING potion of brilliance.
 13810 | Lair:2   | 13810 ||| Stepping ~*~*~tactically~*~*~ (stealth).
 13815 | Lair:2   | 13815 ||| INVOKING Berserk.
 13975 | Lair:2   | 13975 ||| INVOKING Berserk.
 13979 | Lair:2   | Reached XP level 12. HP: 106/106 MP: 11/11
 13990 | Lair:2   | Reached skill level 9 in Armour
 14098 | Lair:2   | Found a staircase to the Snake Pit.
 14277 | Lair:2   | Found a shimmering altar of Xom.
 14283 | Lair:2   | 14283 ||| INVOKING Berserk.
 14942 | Lair:3   | 14942 ||| INVOKING Berserk.
 14960 | Lair:3   | Reached skill level 12 in Shields
 15032 | Lair:3   | 15032 ||| READING scroll of acquirement.
 15032 | Lair:3   | 15032 ||| ACQUIRING amulet of Rackuw {Acrobat rC++ Str-3}
 15032 | Lair:3   | Acquired the amulet of Rackuw {Acrobat rC++ Str-3}
 15034 | Lair:3   | 15034 ||| UPGRADING to amulet of Rackuw {Acrobat rC++
                  | Str-3}.
 15238 | Lair:3   | 15238 ||| FLEEEEING.
 15239 | Lair:3   | 15239 ||| FLEEEEING.
 15240 | Lair:3   | 15240 ||| FLEEEEING.
 15241 | Lair:3   | 15241 ||| FLEEEEING.
 15242 | Lair:3   | 15242 ||| FLEEEEING.
 15243 | Lair:3   | 15243 ||| FLEEEEING.
 15244 | Lair:3   | 15244 ||| FLEEEEING.
 15245 | Lair:3   | 15245 ||| FLEEEEING.
 15246 | Lair:3   | 15246 ||| FLEEEEING.
 15247 | Lair:3   | 15247 ||| FLEEEEING.
 15248 | Lair:3   | 15248 ||| FLEEEEING.
 15249 | Lair:3   | 15249 ||| FLEEEEING.
 15662 | Lair:3   | 15662 ||| Stepping ~*~*~tactically~*~*~ (stealth).
 15728 | Lair:3   | 15728 ||| Stepping ~*~*~tactically~*~*~ (hiding).
 15836 | Lair:3   | Found a staircase to the Shoals.
 15990 | Lair:3   | 15990 ||| FLEEEEING.
 15991 | Lair:3   | 15991 ||| FLEEEEING.
 15992 | Lair:3   | 15992 ||| FLEEEEING.
 15993 | Lair:3   | 15993 ||| FLEEEEING.
 16279 | Lair:4   | Reached skill level 12 in Fighting
 16280 | Lair:4   | 16280 ||| INVOKING Berserk.
 16445 | Lair:4   | 16445 ||| Stepping ~*~*~tactically~*~*~ (stealth).
 16446 | Lair:4   | 16446 ||| Stepping ~*~*~tactically~*~*~ (stealth).
 16447 | Lair:4   | 16447 ||| Stepping ~*~*~tactically~*~*~ (stealth).
 16459 | Lair:4   | 16459 ||| Stepping ~*~*~tactically~*~*~ (stealth).
 16485 | Lair:4   | Found a staircase to the Slime Pits.
 16489 | Lair:4   | 16489 ||| Stepping ~*~*~tactically~*~*~ (stealth).
 16506 | Lair:4   | 16506 ||| FLEEEEING.
 16507 | Lair:4   | 16507 ||| FLEEEEING.
 16508 | Lair:4   | 16508 ||| FLEEEEING.
 16509 | Lair:4   | 16509 ||| FLEEEEING.
 16510 | Lair:4   | 16510 ||| FLEEEEING.
 16511 | Lair:4   | 16511 ||| FLEEEEING.
 16513 | Lair:4   | 16513 ||| FLEEEEING.
 16514 | Lair:4   | 16514 ||| FLEEEEING.
 16515 | Lair:4   | 16515 ||| FLEEEEING.
 16516 | Lair:4   | 16516 ||| FLEEEEING.
 16735 | Lair:4   | 16735 ||| Stepping ~*~*~tactically~*~*~ (stealth).
 16762 | Lair:4   | 16762 ||| FLEEEEING.
 16763 | Lair:4   | 16763 ||| FLEEEEING.
 16768 | Lair:4   | 16768 ||| FLEEEEING.
 16769 | Lair:4   | 16769 ||| FLEEEEING.
 16770 | Lair:4   | 16770 ||| FLEEEEING.
 16771 | Lair:4   | 16771 ||| FLEEEEING.
 16772 | Lair:4   | 16772 ||| STAIRDANCE
 16892 | Lair:4   | 16892 ||| FLEEEEING.
 16893 | Lair:4   | 16893 ||| FLEEEEING.
 16894 | Lair:4   | 16894 ||| STAIRDANCE
 16982 | Lair:4   | 16982 ||| Stepping ~*~*~tactically~*~*~ (stealth).
 16984 | Lair:4   | 16984 ||| Stepping ~*~*~tactically~*~*~ (stealth).
 16989 | Lair:4   | 16989 ||| Stepping ~*~*~tactically~*~*~ (stealth).
 16991 | Lair:4   | 16991 ||| Stepping ~*~*~tactically~*~*~ (stealth).
 16992 | Lair:4   | 16992 ||| Stepping ~*~*~tactically~*~*~ (stealth).
 17003 | Lair:4   | Reached XP level 13. HP: 118/118 MP: 12/12
 17206 | Lair:4   | 17206 ||| Stepping ~*~*~tactically~*~*~ (stealth).
 17241 | Lair:4   | Identified the +8 short sword of Duty {drain, *Corrode rF++
                  | Str+3 Int+2}
 17488 | Lair:5   | Entered Level 5 of the Lair of Beasts
 17497 | Lair:5   | 17497 ||| Stepping ~*~*~tactically~*~*~ (hiding).
 17498 | Lair:5   | 17498 ||| Stepping ~*~*~tactically~*~*~ (hiding).
 17536 | Lair:5   | 17536 ||| INVOKING Brothers in Arms.
 17541 | Lair:5   | 17541 ||| Stepping ~*~*~tactically~*~*~ (cloud).
 17542 | Lair:5   | 17542 ||| INVOKING Berserk.
 17558 | Lair:5   | HP: 28/119 [death yak (9)]
 17560 | Lair:5   | 17560 ||| READING 4 scrolls of teleportation.
 17560 | Lair:5   | HP: 13/119 [blink frog (10)]
 17561 | Lair:5   | 17561 ||| DRINKING 4 potions of heal wounds.
 17561 | Lair:5   | HP: 4/119 [death yak (8)]
 17562 | Lair:5   | 17562 ||| DRINKING 3 potions of heal wounds.
 17563 | Lair:5   | 17563 ||| DRINKING 2 potions of heal wounds.
 17564 | Lair:5   | 17564 ||| INVOKING Brothers in Arms.
 17566 | Lair:5   | HP: 17/119 [death yak (14)]
 17566 | Lair:5   | HP: 1/119 [death yak (16)]
 17567 | Lair:5   | 17567 ||| READING 3 scrolls of teleportation.
 17567 | Lair:5   | Demolished by a death yak

Levels and vault maps discovered:
D:1:      dpeg_arrival_stone_temple_mockup, layout_basic,
          hellmonk_ecumenical_altar_watching_god
D:2:      kennysheep_six_static_rooms, layout_basic, fountainhead, uniq_sigmund
D:3:      layout_basic, chequers_arboretum
D:4:      layout_loops_cross, uniq_pikel, uniq_eustachio, uniq_natasha
D:5:      layout_loops_ring
D:6:      corexii_shantytown, layout_loops_ring, chequers_serial_rivers_room_b
D:7:      minmay_general_purpose_star, layout_basic, temple_doors_cd,
          roderic_nine_men_s_morris, hangedman_decor_peaks_small
D:8:      layout_gridville, nicolae_qazlal_scattered_showers, enter_bailey_3,
          nicolae_shop_overcharged_wands, uniq_maurice
D:9:      layout_basic, orc_0_dummy, minivault_16,
          onia_ninara_dug_in_and_dangerous, uniq_grum, uniq_erolcha
D:10:     layout_big_octagon, erik_lair_island
Lair:1:   layout_layer_cave, serial_rivers, chequers_serial_rivers_micro_e,
          chequers_serial_rivers_small_a, chequers_serial_rivers_marsh,
          chequers_serial_rivers_large_b, chequers_serial_rivers_micro_b,
          chequers_serial_rivers_marsh, nicolae_volcano_entry_hallway,
          uniq_gastronok
Lair:2:   layout_cave_pods, minmay_snake_entry_six_corridors, basic_altar,
          beast_lair_carwin_8
Lair:3:   layout_loops_ring, minmay_shoals_entry_lonely_mermaid,
          nicolae_lair_liquid_snakes
Lair:4:   layout_roguey, minmay_slime_entry_jelly_boxes, serial_bayou_pond_e,
          grunt_megastairs_3
Lair:5:   guppyfry_lair_end_dragon, layout_regular_city,
          hangedman_lair_caniforms_friends, mumra_transporter_accident,
          minmay_lindwurm_lava

Skill      XL: |  1  2  3  4  5  6  7  8  9 10 11 12 |
---------------+-------------------------------------+-----
Axes           | 4 7 8 9 11 13 15 16 | 16.3
Fighting       | 4 6 8 9 10 12 | 12.9
Armour         | 6 7 8 11 | 11.0
Throwing       | 1 2 |  2.1
Shields        | 3 5 11 13 | 13.0
Dodging        | 3 4 |  4.4

Action                   |  1- 3 |  4- 6 |  7- 9 | 10-12 | 13-15 || total
-------------------------+-------+-------+-------+-------+-------++-------
Melee: Hand axe          |    40 |   158 |    15 |       |       ||   213
       Headbutt          |     4 |    24 |    31 |    92 |     8 ||   159
       War axe           |       |       |   256 |   433 |    27 ||   716
Throw: Boomerang         |       |       |    79 |    82 |    12 ||   173
Invok: Berserk           |     1 |     3 |     5 |    20 |     1 ||    30
       Brothers in Arms  |       |       |       |     3 |     2 ||     5
       Trog's Hand       |       |       |       |     1 |       ||     1
  Use: Scroll            |     5 |     5 |    11 |     7 |     2 ||    30
       Potion            |       |     3 |     2 |     3 |     3 ||    11
 Stab: Petrified         |       |       |       |       |     1 ||     1
Armor: Animal skin       |     8 |       |       |       |       ||     8
       Ring mail         |     1 |    23 |       |       |       ||    24
       Chain mail        |       |    37 |    91 |    23 |       ||   151
       Plate armour      |       |       |       |   136 |    51 ||   187
Dodge: Dodged            |    18 |    63 |    68 |   135 |    16 ||   300
Block: Buckler           |       |       |    17 |    10 |       ||    27
       Kite shield       |       |       |       |   133 |    29 ||   162

Table legend:
 A = Non-vault XP
 B = Vault XP
 C = Vault XP percentage of total XP
 D = Non-vault monster count
 E = Vault monster count
 F = Vault count percentage of total count
                 A         B        C        D         E       F
            +---------+---------+-------+---------+---------+-------
      Total |   28979 |   12673 |  30.4 |     276 |     114 |  29.2
            +---------+---------+-------+---------+---------+-------
        D:1 |      25 |       0 |   0.0 |      15 |       0 |   0.0
        D:2 |     170 |     255 |  60.0 |      29 |       7 |  19.4
        D:3 |     108 |       0 |   0.0 |      20 |       0 |   0.0
        D:4 |     392 |     906 |  69.8 |      15 |       3 |  16.7
        D:5 |     653 |       0 |   0.0 |      23 |       0 |   0.0
        D:6 |    2300 |     117 |   4.8 |      36 |      38 |  51.4
        D:7 |     966 |     366 |  27.5 |      13 |       4 |  23.5
        D:8 |    1112 |     453 |  28.9 |      16 |       5 |  23.8
        D:9 |    1100 |    1712 |  60.9 |      19 |       5 |  20.8
       D:10 |    2055 |     813 |  28.3 |      14 |       8 |  36.4
     Lair:1 |    4852 |    1476 |  23.3 |      23 |       1 |   4.2
     Lair:2 |    3233 |    3290 |  50.4 |      11 |      15 |  57.7
     Lair:3 |    4742 |     662 |  12.3 |      17 |       5 |  22.7
     Lair:4 |    4117 |    2623 |  38.9 |      18 |      23 |  56.1
     Lair:5 |    3154 |       0 |   0.0 |       7 |       0 |   0.0
            +---------+---------+-------+---------+---------+-------
